 Dungeon Crawl Stone Soup version 0.22.1-1-ga44c0e56f4 (webtiles) character file.

252 Ihlosi the Skirmisher (level 6, 0/68 HPs)
             Began as an Ogre Fighter on Oct 29, 2018.
             Slain by a gnoll
             ... wielding a +0 spear
              (9 damage)
             ... on level 4 of the Dungeon.
             The game lasted 00:10:43 (4402 turns).

Ihlosi the Skirmisher (Ogre Fighter)                Turns: 4402, Time: 00:10:43

Health: 0/68       AC:  3    Str: 21    XL:     6   Next: 14%
Magic:  6/6        EV:  8    Int:  9    God:
Gold:   149        SH:  8    Dex: 10    Spells: 5/5 levels left

rFire    . . .     SeeInvis .   b - +2 short sword (venom)
rCold    . . .     Gourm    .   c - +0 shield
rNeg     . . .     Faith    .   o - +0 robe
rPois    .         Spirit   .   (helmet restricted)
rElec    .         Reflect  .   (no cloak)
rCorr    +         Harm     .   (gloves unavailable)
MR       .....                  (boots unavailable)
Stlth    +.........             (no amulet)
HPRegen  0.21/turn              s - ring of resist corrosion
MPRegen  0.10/turn              (no ring)

@: glowing
A: large, unfitting armour, tough skin 1
a: no special abilities


You were on level 4 of the Dungeon.
You were not hungry.

You visited 1 branch of the dungeon, and saw 4 of its levels.

You collected 149 gold pieces.

Inventory:

Hand Weapons
 a - a +2 whip of flaming
 b - a +2 short sword of venom (weapon)
 l - a +0 mace
 r - a +0 flail
Armour
 c - a +0 shield (worn)
 o - a +0 robe (worn)
Jewellery
 s - a ring of resist corrosion (left hand)
Scrolls
 d - a scroll of fear {unknown}
 g - 5 scrolls of teleportation {unknown}
 h - 2 scrolls of random uselessness {unknown}
 i - 6 scrolls of identify {unknown}
 j - 4 scrolls of remove curse {unknown}
 k - a scroll of noise {unknown}
 m - a scroll of amnesia {unknown}
Potions
 e - a potion of magic
 n - a potion of flight {unknown}
 p - a potion of curing
 q - a potion of degeneration {unknown}
Comestibles
 f - 7 rations


   Skills:
 * Level 6.8 Fighting
 + Level 3.7 Maces & Flails
 - Level 3.0 Dodging
 - Level 3.0 Shields


You had 5 spell levels left.
You didn't know any spells.
Your spell library contained the following spells:

 Spells                   Type           Power        Failure   Level  Hunger
 Animate Skeleton         Necr           N/A          83%         1    ##.....
 Apportation              Tloc           #.....       83%         1    ##.....
 Confusing Touch          Hex            #.....       83%         1    ##.....
 Summon Small Mammal      Summ           #...         83%         1    ##.....


Dungeon Overview and Level Annotations

Branches:
Dungeon (4/15)
 Temple: D:4-7

Altars:
Elyvilon
Kikubaaqudgha
Zin


Innate Abilities, Weirdness & Mutations

You are too large for most types of armour.
You have tough skin. (AC +1)


Message History

You are electrocuted!
* * * LOW HITPOINT WARNING * * *
You block the gnoll's attack.
You kill the gnoll shaman!
You aren't carrying any items that you can evoke.
You block the gnoll's attack. You block the gnoll's attack.
You barely miss the gnoll. The gnoll hits you with a club.
* * * LOW HITPOINT WARNING * * *
You block the gnoll's attack. The gnoll barely misses you.
Okay, then.
It was a potion of curing.
You feel better. The gnoll closely misses you.
The gnoll hits you from afar with a spear.
* * * LOW HITPOINT WARNING * * *
The gnoll completely misses you.
The gnoll hits you from afar with a spear.
* * * LOW HITPOINT WARNING * * *
The gnoll barely misses you.
The gnoll hits you from afar with a spear!
You die...

.# .# .# ## ###.##
## .# #.##....# #.
.# #.#.#.# #. .#
#.†.# #.##.# ##.##
..g..# #<#
#.#.######### #.#
#.#.#..gg..g# #@#
#......####.# #g#
###....####.####g#
#..........g...#
...#.#####.######
#####.......#
#########


You could see 2 gnolls.

Vanquished Creatures
  A gnoll shaman (D:4)
  Natasha (D:4)
  An orc wizard (D:3)
  5 gnolls
  2 adders (D:3)
  2 oozes (D:3)
  4 worms
  2 dart slugs
  7 leopard geckos
  4 orcs (D:3)
  3 bats
  5 giant cockroaches
  2 goblins
  5 hobgoblins
  8 jackals
  10 kobolds
  2 quokkas
  8 frilled lizards
  5 rats
77 creatures vanquished.

Notes
Turn   | Place    | Note
-------+----------+-------------------------------------------
     0 | D:1      | Ihlosi the Ogre Fighter began the quest for the Orb.
     0 | D:1      | Reached XP level 1. HP: 24/24 MP: 1/1
   156 | D:1      | Reached XP level 2. HP: 32/32 MP: 2/2
   877 | D:1      | Reached XP level 3. HP: 40/40 MP: 3/3
  1783 | D:3      | Reached skill level 5 in Fighting
  2156 | D:2      | Reached XP level 4. HP: 10/50 MP: 4/4
  3100 | D:3      | Reached XP level 5. HP: 59/59 MP: 5/5
  3257 | D:3      | Reached skill level 6 in Fighting
  3544 | D:3      | Found a glowing silver altar of Zin.
  3545 | D:3      | Found a white marble altar of Elyvilon.
  3780 | D:3      | Found an ancient bone altar of Kikubaaqudgha.
  4319 | D:4      | Noticed Natasha
  4329 | D:4      | Killed Natasha
  4379 | D:4      | Reached XP level 6. HP: 44/68 MP: 6/6
  4397 | D:4      | HP: 1/68 [gnoll/club (5)]
  4402 | D:4      | Slain by a gnoll

Skill      XL: |  1  2  3  4  5 |
---------------+----------------+-----
Maces & Flails | 2 3 |  3.7
Dodging        | 3 |  3.0
Shields        | 3 |  3.0
Fighting       | 5 6 |  6.8

Action                   |  1- 3 |  4- 6 || total
-------------------------+-------+-------++-------
Melee: Flail             |    21 |       ||    21
       Mace              |    55 |       ||    55
       Short sword       |    45 |    20 ||    65
       Whip              |    39 |   114 ||   153
  Use: Potion            |     3 |     3 ||     6
  Eat: Chunk             |     3 |     8 ||    11
Armor: Robe              |    57 |    21 ||    78
Dodge: Dodged            |    66 |    45 ||   111
Block: Shield            |    95 |    60 ||   155
